 Dungeon Sprint DCSS version 0.19.1 (webtiles) character file.

2452 kraedy the Bludgeoner (level 9, -1/59 HPs)
             Began as a Gargoyle Fighter on Dec 11, 2016.
             Was a High Priest of the Shining One.
             Killed from afar by a lindwurm (21 damage)
             ... with a blast of flame
             ... in the Dungeon (Sprint I: "Red Sonja").
             The game lasted 00:03:16 (1582 turns).

kraedy the Bludgeoner (Gargoyle Fighter)            Turns: 1582, Time: 00:03:16

Health: -1/59      AC: 13    Str: 24    XL:     9   Next: 50%
Magic:  14/14      EV:  9    Int:  8    God:    the Shining One [*****.]
Gold:   486        SH: 11    Dex:  9    Spells: 0 memorised, 8 levels left

rFire  . . .     SeeInvis .     a - +0 flail
rCold  . . .     Gourm    .     b - +0 scale mail
rNeg   + + +     Faith    .     c - +0 shield
rPois  ∞         Spirit   .     (no helmet)
rElec  +         Reflect  .     (no cloak)
rCorr  .         Harm     .     (no gloves)
MR     .....     NoTele   +     (no boots)
Stlth  ..........               (no amulet)
                                (no ring)
                                (no ring)

@: glowing
A: negative energy resistance 1, electricity resistance, unbreathing,
petrification resistance, rot immunity, AC +5
a: Divine Shield, Cleansing Flame, Summon Divine Warrior, Renounce Religion


You were in the Dungeon.
You worshipped the Shining One.
The Shining One was extremely pleased with you.
You were not hungry.

You visited 1 branch You collected 486 gold pieces.

Inventory:

Hand Weapons
 a - a +0 flail (weapon)
Armour
 b - a +0 scale mail (worn)
 c - a +0 shield (worn)
Scrolls
 d - a scroll of remove curse {unknown}
 k - a scroll of blinking
Potions
 e - a potion of curing
 g - a potion of heal wounds
 i - 2 potions of magic
 l - a potion of cure mutation {unknown}


   Skills:
 + Level 7.8 Fighting
 + Level 15.7 Maces & Flails
 + Level 8.3 Armour
 + Level 2.5 Dodging
 + Level 7.3 Shields
 * Level 7.3 Invocations


You had 8 spell levels left.
You didn't know any spells.

Dungeon Overview and Level Annotations

Branches:
Dungeon (1/1)

Altars:
Cheibriados
Dithmenos
Elyvilon
Fedhas
Gozag
Hepliaklqana
Kikubaaqudgha
Makhleb
Nemelex Xobeh
Okawaru
Qazlal
Ru
Sif Muna
Trog
Uskayaw
Vehumet
Xom
Yredelemnul
Zin
The Shining One
Jiyva
Lugonu

Shops:
D %


Innate Abilities, Weirdness & Mutations

You are resistant to torment.
Your stone body is resilient. (AC +5)
You are immune to poison.
You resist negative energy. (rN+)
You are resistant to electric shocks. (rElec)
You can survive without breathing.
You are immune to petrification.
You are immune to rotting.


Message History

You thump the lindwurm!
The lindwurm is moderately wounded.
The lindwurm bites you! The lindwurm claws you. The lindwurm barely misses you.
You hit the lindwurm but do no damage.
The lindwurm is moderately wounded.
You hit the lindwurm but do no damage.
The lindwurm is moderately wounded.
The lindwurm bites you but does no damage.
The lindwurm claws you but does no damage.
You block the lindwurm's attack.
You thump the lindwurm!
The lindwurm is severely wounded.
The lindwurm barely misses you.
The lindwurm claws you but does no damage.
You block the lindwurm's attack.
You hit the lindwurm but do no damage.
The lindwurm is severely wounded.
The lindwurm breathes flames at you. The blast of flame hits you!
You die...

####################
.#__#.)'...#.[#§@k§+
†'..'..#...##'#§####
%#__####...'..#§#
.#### #####..§§# )#
##'#### .+ #.^§§§#
_# #.)..§+ '#
###..§# (# #...#


You could see a lindwurm.

Vanquished Creatures
  2 kobold demonologists (D)
  A gargoyle (D)
  4 demonic crawlers (D)
  A slime creature (D)
  Sigmund (D)
  A yak (D)
  A floating eye (D)
  An ogre (D)
  A jelly (D)
  Ijyb (D)
14 creatures vanquished.

Vanquished Creatures (others)
  A gargoyle (D)
1 creature vanquished.

Grand Total: 15 creatures vanquished

Notes
Turn   | Place    | Note
-------+----------+-------------------------------------------
     0 | D        | kraedy the Gargoyle Fighter began the quest for the Orb.
     0 | D        | Reached XP level 1. HP: 14/14 MP: 1/1
     2 | D        | Noticed Ijyb
    15 | D        | Killed Ijyb
    15 | D        | Reached skill level 6 in Maces & Flails
    15 | D        | Reached XP level 2. HP: 19/19 MP: 2/2
    15 | D        | Reached XP level 3. HP: 23/23 MP: 3/3
    20 | D        | Noticed an ogre
    26 | D        | HP: 1/23 [ogre/giant club (14)]
    27 | D        | Killed an ogre
    27 | D        | Reached skill level 9 in Maces & Flails
    27 | D        | Reached XP level 4. HP: 2/28 MP: 4/4
   327 | D        | Noticed Sigmund
   343 | D        | Killed Sigmund
   343 | D        | Reached skill level 12 in Maces & Flails
   343 | D        | Reached XP level 5. HP: 5/32 MP: 5/5
   343 | D        | Reached XP level 6. HP: 6/37 MP: 6/6
   611 | D        | Found a deep blue altar of Sif Muna.
   613 | D        | Found a radiant altar of Vehumet.
   637 | D        | Found Luduty's Food Emporium.
   637 | D        | Found an ancient bone altar of Kikubaaqudgha.
   637 | D        | Found a hazy altar of Hepliaklqana.
   637 | D        | Found a stormy altar of Qazlal.
   637 | D        | Found a hide-covered altar of Uskayaw.
   637 | D        | Found a blossoming altar of Fedhas.
   637 | D        | Found a bloodstained altar of Trog.
   637 | D        | Found an iron altar of Okawaru.
   637 | D        | Found a basalt altar of Yredelemnul.
   637 | D        | Found a glowing golden altar of the Shining One.
   637 | D        | Found a snail-covered altar of Cheibriados.
   637 | D        | Found a sacrificial altar of Ru.
   637 | D        | Found a glowing silver altar of Zin.
   637 | D        | Found a shadowy altar of Dithmenos.
   637 | D        | Found a white marble altar of Elyvilon.
   637 | D        | Noticed a yak
   646 | D        | Killed a yak
   646 | D        | Reached skill level 13 in Maces & Flails
   646 | D        | Reached XP level 7. HP: 36/41 MP: 7/7
   647 | D        | Found an opulent altar of Gozag.
   648 | D        | Found a sparkling altar of Nemelex Xobeh.
   654 | D        | Became a worshipper of the Shining One
   673 | D        | Found a viscous altar of Jiyva.
   673 | D        | Found a corrupted altar of Lugonu.
   673 | D        | Noticed a slime creature
   674 | D        | Found a burning altar of Makhleb.
   674 | D        | Found a shimmering altar of Xom.
   686 | D        | HP: 2/41 [slime creature (15)]
   687 | D        | Killed a slime creature
   687 | D        | Reached skill level 14 in Maces & Flails
   879 | D        | Killed a gargoyle
   992 | D        | Noticed a kobold demonologist
   992 | D        | Reached * piety under the Shining One
   993 | D        | Noticed a hellwing
   993 | D        | Noticed a kobold demonologist
   996 | D        | Reached skill level 5 in Armour
  1002 | D        | Killed a kobold demonologist
  1002 | D        | Reached ** piety under the Shining One
  1002 | D        | Reached skill level 5 in Fighting
  1002 | D        | Reached skill level 1 in Dodging
  1002 | D        | Reached skill level 5 in Shields
  1002 | D        | Reached XP level 8. HP: 48/50 MP: 8/11
  1013 | D        | Killed a kobold demonologist
  1013 | D        | Reached skill level 5 in Invocations
  1125 | D        | Noticed a demonic crawler
  1125 | D        | Noticed a demonic crawler
  1125 | D        | Reached *** piety under the Shining One
  1125 | D        | Noticed a demonic crawler
  1125 | D        | Noticed a demonic crawler
  1142 | D        | Killed a demonic crawler
  1142 | D        | Reached **** piety under the Shining One
  1142 | D        | Reached skill level 15 in Maces & Flails
  1152 | D        | Killed a demonic crawler
  1152 | D        | Reached XP level 9. HP: 44/56 MP: 11/13
  1159 | D        | Killed a demonic crawler
  1167 | D        | Killed a demonic crawler
  1347 | D        | Noticed a gargoyle
  1357 | D        | Killed a gargoyle
  1571 | D        | Noticed a lindwurm
  1571 | D        | Reached ***** piety under the Shining One
  1582 | D        | Killed from afar by a lindwurm

Skill      XL: |  1  2  3  4  5  6  7  8  9 |
---------------+----------------------------+-----
Maces & Flails | 6 9 12 13 14 15 | 15.7
Fighting       | 5 6 7 |  7.8
Armour         | 5 7 8 |  8.3
Shields        | 5 6 7 |  7.3
Invocations    | 4 6 7 |  7.3
Dodging        | 1 2 |  2.5

Action                   |  1- 3 |  4- 6 |  7- 9 || total
-------------------------+-------+-------+-------++-------
Melee: Flail             |    17 |    20 |    76 ||   113
  Use: Potion            |       |       |     3 ||     3
  Eat: Bread ration      |       |       |     1 ||     1
Armor: Scale mail        |     4 |     4 |    38 ||    46
Dodge: Dodged            |     6 |     5 |    28 ||    39
Block: Shield            |     6 |     5 |    42 ||    53
